Map: Lerilak Crest

Players

kashnarada

  • Race: Protoss Protoss
  • League: Silver

NorthWind

  • Race: Zerg Zerg

VOD

Have the link to the VOD?

Description

Time

  • Played on: Nov. 21, 2015, 10:56 a.m.
  • Length: 3:49
Show
View Real Time Build Order
Export as new Build Order

kashnarada Protoss 

Build Orders:  

Get SALT Encoding   

  12  0:02  Probe (Chrono Boost)  
  13  0:25  Probe (Chrono Boost)  
  13  0:26  Pylon  
  14  0:35  Probe (Chrono Boost)  
  15  0:41  Assimilator  
  15  0:46  Probe (Chrono Boost)  
  15  0:49  Gateway  
  16  0:56  Probe (Chrono Boost)  
  17  1:07  Probe (Chrono Boost), Forge  
  18  1:17  Probe (Chrono Boost)  
  19  1:28  Probe (Chrono Boost)  
  20  1:33  Assimilator  
  20  1:50  Nexus  
  20  1:54  Pylon  
  20  1:55  Probe (Chrono Boost)  
  21  2:06  Probe (Chrono Boost)  
  22  2:12  Zealot  
  24  2:22  Cybernetics Core  
  25  2:23  Probe (Chrono Boost)  
  25  2:35  Photon Cannon  
  25  2:37  Probe (Chrono Boost)  
  26  2:49  Probe (Chrono Boost)  
  27  2:58  Pylon  
  27  2:59  Probe (Chrono Boost)  
  27  3:04  Probe  
  28  3:08  Sentry  
  28  3:11  Probe  
  32  3:15  Probe  
  33  3:23  Probe  
  33  3:26  Robotics Facility  
  34  3:29  Probe  
  35  3:35  Probe  
Show
View Real Time Build Order
Export as new Build Order

NorthWind Zerg 

Build Orders: 3 Hatch before Pool 

Get SALT Encoding   

  12  0:01  Drone  
  13  0:17  Overlord  
  13  0:25  Drone  
  14  0:47  Drone  
  14  0:48  Hatchery  
  14  1:03  Drone  
  14  1:04  Drone  
  16  1:29  Drone  
  17  1:37  Hatchery  
  17  1:39  Spawning Pool  
  15  1:40  Drone  
  15  1:44  Drone  
  17  1:49  Extractor  
  17  1:50  Drone  
  17  2:01  Drone  
  18  2:06  Drone  
  18  2:07  Drone  
  20  2:11  Drone  
  20  2:14  Overlord  
  22  2:22  Drone  
  22  2:26  Queen  
  24  2:40  Queen  
  26  2:59  Queen  
  26  3:02  Drone x3  
  31  3:07  Drone x2  
  31  3:08  Drone  
  34  3:13  Overlord  
  34  3:20  Drone  
  34  3:22  Drone  
  34  3:23  Drone x2  
Tags
 
Add a new tag
Caveats
  • Supply blocks, unpowered buildings, or Contaminate may cause inaccurate times.
  • Supply counts are checked every 10 seconds.